cohdb
Replays
Latest Replays
All Replays
Popular Replays
Top Player Replays
Match Explorer
How It Works
Community
CoH3 Stats
Reddit
Sign in to upload your games and track your stats! →
Sign in with Steam
Match 42355325
Unlisted
Match 42355325
Overview
Messages
Build Orders
End
Vickers Machine Gun Team
Construct Section Command Post
Selects Canadian Shock Battlegroup
Dingo Light Scout Car
ML 3-inch Mortar Team
ML 3-inch Mortar Team
Royal Engineer Section
Construct Platoon Command Post
Unlock M3 Stuart Light Tanks
Selects Attacking Spirit
Selects Canadian Shock Section
Canadian Shock Section
M3 Stuart Light Tank
M3 Stuart Light Tank
쇼타좋아ショタ好き
BravoTwoZer0
gUi
Qwohta
Emmortael
Etchings
CJ
Hon
0
0
Comments
sign in to comment!
No comments posted yet!